 Dungeon Sprint DCSS version 0.26-a0-1079-g3a4175ecf3 (webtiles) character file.

Game seed: 10548830733198880438

12405 Adamkad1 the Fencer (level 12, -2/103 HPs)
             Began as a Formicid Fighter on Dec 14, 2020.
             Was the Champion of Wu Jian.
             Slain by a tentacled monstrosity (9 damage)
             ... in the Dungeon (Sprint V: "Ziggurat Sprint").
             The game lasted 00:05:20 (557 turns).

Adamkad1 the Fencer (Formicid Fighter)               Turns: 557, Time: 00:05:21

Health: -2/103     AC: 25    Str: 37    XL:     12   Next: 19%
Magic:  12/12      EV:  3    Int:  7    God:    Wu Jian [******]
Gold:   0          SH: 33    Dex: 10    Spells: 11/11 levels left

rFire    + . .     SeeInvis +   B - +7 Screaming Sword {vorpal, sonic wave}
rCold    + . .     Faith    .   C - +18 shield of the Gong {rElec rN+ Will+ EV-5}
rNeg     + . .     Spirit   .   D - +5 gold dragon scales
rPois    +         Reflect  .   (helmet unavailable)
rElec    +         Harm     .   b - +0 cloak of the Hidden Vale {Rampage rPois Int-2}
rCorr    .         Rampage  +   (no gloves)
Will     ++...                  (no boots)
Stlth    ..........             K - amulet "Gebou" {+Fly Regen+ Slay+2}
HPRegen  0.67/turn              z - +6 ring of strength
MPRegen  0.13/turn              A - +6 ring of strength

@: exhausted, heavenly storm, glowing, constricted
A: permanent stasis, dig shafts and tunnels, four strong arms, antennae 3
a: Dig, Wall Jump, Serpent's Lash, Heavenly Storm, Renounce Religion, Evoke
Flight


You were in the Dungeon.
You worshipped Wu Jian.
Wu Jian was exalted by your worship.
You visited 1 branch

Inventory:

Hand Weapons
 B - the +7 Screaming Sword (weapon) {vorpal, sonic wave}
   (You found it in the Dungeon)

   It inflicts extra damage upon your enemies.
Armour
 b - the +0 cloak of the Hidden Vale (worn) {Rampage rPois Int-2}
   (You found it in the Dungeon)

   It affects your intelligence (-2).
   It protects you from poison.
   It bestows one free step when moving towards enemies.
 C - the +18 shield of the Gong (worn) {rElec rN+ Will+ EV-5}
   (You found it in the Dungeon)

   It affects your evasion (-5).
   It insulates you from electricity.
   It protects you from negative energy.
   It affects your willpower, your defense against some magical effects.
 D - +5 gold dragon scales (worn)
Jewellery
 a - the ring "Wagameite" {Wiz rPois Int+4 Slay-6}
   (You found it in the Dungeon)

   [ring of wizardry]

   It improves your spell success rate.
   It affects your intelligence (+4).
   It affects your accuracy and damage with ranged weapons and melee attacks
   (-6).
   It protects you from poison.
 u - an uncursed ring of flight
 v - a +6 ring of dexterity
 w - a +6 ring of dexterity
 x - a +6 ring of intelligence
 y - a +6 ring of intelligence
 z - a +6 ring of strength (left hand)
 A - a +6 ring of strength (right hand)
 E - the amulet "Ilouzosh" {Inacc Int+3 SInv}
   (You found it in the Dungeon)

   [amulet of inaccuracy]

   It reduces the accuracy of all your attacks.
   It affects your intelligence (+3).
   It lets you see invisible.
 G - an uncursed ring of magical power
 H - an uncursed amulet of regeneration
 J - a +6 ring of intelligence
 K - the amulet "Gebou" (around neck) {+Fly Regen+ Slay+2}
   (You found it in the Dungeon)

   [amulet of regeneration]

   It affects your accuracy and damage with ranged weapons and melee attacks
   (+2).
   It lets you fly.
   It increases your rate of regeneration.
 L - an uncursed ring of willpower
 N - the ring "Wipej" {Fire +Fly rElec Dex-5 Slay+4}
   (You found it in the Dungeon)

   [ring of fire]

   It enhances your fire magic.
   It affects your dexterity (-5).
   It affects your accuracy and damage with ranged weapons and melee attacks
   (+4).
   It protects you from fire.
   It makes you vulnerable to cold.
   It insulates you from electricity.
   It lets you fly.
Wands
 r - a wand of disintegration (7)
 s - a wand of iceblast (7)
 t - a wand of acid (7)
Scrolls
 l - 4 scrolls of amnesia
 m - 7 scrolls of fog
 n - a scroll of holy word
 o - 5 scrolls of identify
 p - 5 scrolls of remove curse
 q - 2 scrolls of fear
 O - 4 scrolls of enchant armour
Potions
 d - 6 potions of might
 e - 10 potions of curing
 f - 9 potions of heal wounds
 g - 7 potions of magic
 h - 2 potions of brilliance
 i - 2 potions of invisibility
 j - 4 potions of resistance
Miscellaneous
 c - a lightning rod (4/4)
 k - a phantom mirror
 F - a lightning rod (4/4)
 I - a phial of floods
 M - a condenser vane
 P - a phantom mirror


   Skills:
 + Level 12.9 Fighting
 * Level 18.7 Long Blades
 + Level 13.0 Armour
 + Level 10.7 Dodging
 + Level 14.1 Shields


You had 11 spell levels left.
You didn't know any spells.
Your spell library contained the following spells:

 Spells                   Type           Power        Failure   Level
 Call Canine Familiar     Summ           #.......     100%        3
 Confusing Touch          Hex            #.......     100%        3
 Gell's Gravitas          Tloc           #.........   100%        3
 Lesser Beckoning         Tloc           #.........   100%        3
 Teleport Other           Tloc           #.......     100%        3
 Passage of Golubria      Tloc           N/A          100%        4
 Petrify                  Tmut/Erth      #.......     100%        4
 Summon Ice Beast         Ice/Summ       #.......     100%        4
 Metabolic Englaciation   Hex/Ice        #.........   100%        5
 Summon Forest            Summ/Tloc      #.........   100%        5
 Yara's Violent Unravell  Hex/Tmut       #.........   100%        5
 Discord                  Hex            #.........   100%        8
 Ignition                 Fire           #.........   100%        8
 Blink                    Tloc           Unusable     N/A         2

Dungeon Overview and Level Annotations

Branches:
Dungeon (1/1)

Altars:
Ashenzari
Cheibriados
Dithmenos
Elyvilon
Fedhas
Gozag
Hepliaklqana
Kikubaaqudgha
Makhleb
Nemelex Xobeh
Okawaru
Qazlal
Ru
Sif Muna
Trog
Uskayaw
Vehumet
Wu Jian
Xom
Yredelemnul
Zin
The Shining One
Beogh
Jiyva
Lugonu


Innate Abilities, Weirdness & Mutations

You cannot be hasted, slowed, berserked, paralysed or teleported.
You can dig through walls and to a lower floor.
Your four strong arms can wield two-handed weapons with a shield.
You have a pair of large antennae on your head. (SInv)


Message History

You block the electric golem's attack.
BOUMMMMG!
The electric golem hits you but does no damage.
The electric golem hits you.
* * * LOW HITPOINT WARNING * * *
The electric golem hits you but does no damage.
The tentacled monstrosity tentacle-slaps you but does no damage. x3
The black draconian hits you but does no damage.
You block the purple draconian's attack.
GONNNNG!
The tentacled monstrosity's grasp on you weakens, but your attempt to escape fails.
The electric golem hits you but does no damage. x3
You block the electric golem's attack.
GONNNNG!
You block the tentacled monstrosity's attack.
SHROANNG!
The tentacled monstrosity tentacle-slaps you but does no damage.
You block the tentacled monstrosity's attack.
BONNNG!
You die...

▓.........▓.
▓.........▓.
▓....©....▓.
▓▓▓▓▓▓▓▓▓▓▓▓▓▓▓▓▓▓▓▓▓▓▓▓
▓...8©8...▓...8©8...▓...
▓..))}})§.▓....)....▓...
▓..}=☼§§§§▓...)..)).▓...
▓....§d§§§▓.....[...▓...
▓...°☼8@d☼▓.........▓...
▓..§°§XXd☼▓.........▓...
▓..☼§§§d§§▓.........▓...
▓..☼☼d§§§§▓.........▓.▓.
▓.▓§☼§☼§▓§▓.........▓...
▓..§§§§☼§§▓....©....▓▓▓▓
▓▓▓▓▓▓▓▓▓▓▓▓▓▓▓▓▓▓▓▓▓


{{{{{{{{ {{{ You could see an electric golem, 2 tentacled monstrosities, a black
draconian (catching breath), a purple draconian, a red draconian and a white
draconian.

Vanquished Creatures
  2 purple draconians (D)
  A red draconian (D)
  A white draconian (D)
  A vault guard (D)
  A thrashing horror (D)
  2 ironbrand convokers (D)
  A deep elf mage (D)
  A wolf spider (D)
  A large abomination (D)
  A cane toad (D)
  2 yaktaurs (D)
  A komodo dragon (D)
  A freezing wraith (D)
  A komodo dragon (shapeshifter) (D)
  2 hellions (D)
  An ice devil (D)
  A red devil (D)
  A tormentor (D)
  2 polar bears (D)
  A flying skull (D)
  A shadow (D)
  A tarantella (D)
  2 yaks (D)
  A chaos spawn (D)
  A naga (D)
  3 hell hounds (D)
  A water moccasin (D)
  An ice beast (D)
  A phantom (D)
  A necrophage (D)
  An eye of draining (D)
  A wolf (D)
  A centaur (D)
  3 scorpions (D)
  A wight (D)
  A quasit (D)
  3 orc priests (D)
  2 iron imps (D)
  An orc wizard (D)
  An adder (D)
  A shadow imp (D)
  An adder skeleton (D)
  An adder zombie (D)
  An orc (D)
  2 bat skeletons (D)
  3 bat zombies (D)
  A jackal (D)
  A ball python (D)
  A ball python zombie (D)
  A giant cockroach zombie (D)
  A jackal zombie (D)
  A leopard gecko skeleton (D)
68 creatures vanquished.

Notes
Turn   | Place    | Note
-------+----------+-------------------------------------------
     0 | D        | Adamkad1 the Formicid Fighter began the quest for the Orb.
     0 | D        | Reached XP level 1. HP: 18/18 MP: 1/1
     0 | D        | Found a shimmering blue altar of Sif Muna.
     0 | D        | Found a bloodstained altar of Trog.
     0 | D        | Found a sacrificial altar of Ru.
     0 | D        | Found a stormy altar of Qazlal.
     0 | D        | Found an iron altar of Okawaru.
     1 | D        | Found a sparkling altar of Nemelex Xobeh.
     1 | D        | Found a blossoming altar of Fedhas.
     2 | D        | Found the +6 Majin-Bo {vamp, MP+6 Int+6}
     2 | D        | Found the +9 heavy crossbow "Sniper" {vorpal, Acc+∞ SInv}
     2 | D        | Found the +10 dark maul {vorpal}
     2 | D        | Found the +15 Maxwell's patent armour {-Cast -Tele rElec
                  | Will+ rCorr}
     2 | D        | Found the +18 shield of the Gong {rElec rN+ Will+ EV-5}
     2 | D        | Found the cursed +14 obsidian axe {vorpal, +Fly SInv
                  | *Curse}
     2 | D        | Found the +7 great mace "Firestarter" {inner flame, rF++}
     2 | D        | Found the +6 shillelagh "Devastator" {shatter}
     2 | D        | Found the +11 plutonium sword {*Contam Stlth-}
     2 | D        | Found the +8 lance "Wyrmbane" {slay drac, rPois rF+ rC+
                  | AC+3}
     2 | D        | Found the +9 sword of Zonguldrok {reap}
     2 | D        | Found the cursed +13 scythe of Curses {drain, *Curse}
     2 | D        | Found the +0 sword of Power
     2 | D        | Found the +7 mace of Variability {chain chaos}
     2 | D        | Found the +7 Singing Sword {vorpal, sonic wave}
     2 | D        | Found the +8 storm bow {elec, penet}
     3 | D        | Found a transporter.
     3 | D        | Found an ancient bone altar of Kikubaaqudgha.
     3 | D        | Found a viscous altar of Jiyva.
     3 | D        | Found a corrupted altar of Lugonu.
     3 | D        | Found a hazy altar of Hepliaklqana.
     3 | D        | Found a burning altar of Makhleb.
     3 | D        | Found an opulent altar of Gozag.
     6 | D        | Banished a spatial maelstrom
    78 | D        | Became a worshipper of the Wu Jian Council
    83 | D        | Reached skill level 7 in Long Blades
    83 | D        | Reached XP level 2. HP: 24/24 MP: 2/2
    97 | D        | Entered arena 2.
    97 | D        | Noticed a centaur
    97 | D        | Noticed a yaktaur
    97 | D        | Found a transporter.
   101 | D        | Killed a centaur
   101 | D        | Killed a yaktaur
   102 | D        | Reached skill level 10 in Long Blades
   102 | D        | Reached XP level 3. HP: 30/34 MP: 3/3
   102 | D        | Reached XP level 4. HP: 36/40 MP: 4/4
   102 | D        | Reached XP level 5. HP: 41/46 MP: 5/5
   102 | D        | Reached XP level 6. HP: 47/52 MP: 6/6
   106 | D        | Got the ring "Wagameite" {Wiz rPois Int+4 Slay-6}
   114 | D        | Entered arena 3.
   114 | D        | Noticed a polar bear
   114 | D        | Noticed a polar bear
   114 | D        | Noticed an ice beast
   114 | D        | Found a transporter.
   116 | D        | Killed an ice beast
   116 | D        | Reached * piety under Wu Jian
   117 | D        | Reached XP level 7. HP: 55/59 MP: 7/7
   117 | D        | Killed a polar bear
   118 | D        | Reached skill level 11 in Long Blades
   118 | D        | Reached skill level 5 in Dodging
   119 | D        | Killed a polar bear
   120 | D        | Reached XP level 8. HP: 64/67 MP: 8/8
   137 | D        | Got the +0 cloak of the Hidden Vale {Rampage rPois Int-2}
   147 | D        | Entered arena 4.
   147 | D        | Noticed a tarantella
   147 | D        | Found a transporter.
   149 | D        | Reached ** piety under Wu Jian
   150 | D        | Reached skill level 12 in Long Blades
   150 | D        | Killed a tarantella
   157 | D        | Entered arena 5.
   157 | D        | Found a transporter.
   159 | D        | Reached *** piety under Wu Jian
   161 | D        | Reached XP level 9. HP: 75/75 MP: 9/9
   168 | D        | Entered arena 6.
   168 | D        | Found a transporter.
   171 | D        | Reached **** piety under Wu Jian
   175 | D        | Got the amulet "Ilouzosh" {Inacc Int+3 SInv}
   182 | D        | Entered arena 7.
   182 | D        | Noticed a large abomination
   182 | D        | Noticed a thrashing horror
   183 | D        | Found a transporter.
   184 | D        | Reached ***** piety under Wu Jian
   185 | D        | Killed a thrashing horror
   185 | D        | Reached skill level 13 in Long Blades
   185 | D        | Reached skill level 10 in Shields
   189 | D        | Killed a large abomination
   252 | D        | Entered arena 8.
   252 | D        | Noticed a cane toad
   252 | D        | Noticed a komodo dragon
   253 | D        | Found a transporter.
   254 | D        | Reached XP level 10. HP: 85/85 MP: 10/10
   254 | D        | Killed a cane toad
   255 | D        | Reached skill level 10 in Fighting
   255 | D        | Reached skill level 14 in Long Blades
   255 | D        | Reached skill level 10 in Armour
   255 | D        | Reached ****** piety under Wu Jian
   255 | D        | Killed a komodo dragon
   259 | D        | Got the Incunabulum of Burning Summoning
   263 | D        | Entered arena 9.
   263 | D        | Noticed a wolf spider
   263 | D        | Noticed an ironbrand convoker
   263 | D        | Noticed a deep elf mage
   263 | D        | Noticed a vault guard
   263 | D        | Noticed an ironbrand convoker
   263 | D        | Noticed a yaktaur
   263 | D        | Noticed a komodo dragon
   264 | D        | Found a transporter.
   265 | D        | Killed a deep elf mage
   266 | D        | Reached skill level 15 in Long Blades
   272 | D        | Killed an ironbrand convoker
   272 | D        | Killed a yaktaur
   273 | D        | Reached skill level 16 in Long Blades
   273 | D        | Killed an ironbrand convoker
   273 | D        | Killed a komodo dragon
   273 | D        | Killed a wolf spider
   274 | D        | Reached XP level 11. HP: 64/93 MP: 11/11
   274 | D        | Killed a vault guard
   275 | D        | Reached skill level 17 in Long Blades
   397 | D        | Entered arena 10.
   398 | D        | Found a transporter.
   425 | D        | Entered arena 11.
   426 | D        | Found a transporter.
   433 | D        | Got the amulet "Gebou" {+Fly Regen+ Slay+2}
   462 | D        | Entered arena 12.
   463 | D        | Found a transporter.
   463 | D        | Identified the +0 buckler "Aheur" {Harm *Drain rC+ SInv}
   468 | D        | Reached skill level 10 in Dodging
   475 | D        | Got the ring "Wipej" {Fire +Fly rElec Dex-5 Slay+4}
   531 | D        | Got The Intricacies of Hermeneutics
   543 | D        | Entered arena 13.
   543 | D        | Noticed a black draconian
   543 | D        | Noticed a tentacled monstrosity
   543 | D        | Noticed a purple draconian
   543 | D        | Noticed a purple draconian
   543 | D        | Noticed a white draconian
   543 | D        | Noticed a red draconian
   543 | D        | Noticed a tentacled monstrosity
   543 | D        | Noticed a purple draconian
   544 | D        | Identified the cursed +2 battleaxe "Muju" {freeze, Fragile
                  | rPois rN++ Dex+9}
   545 | D        | Noticed a white draconian
   545 | D        | Noticed an electric golem
   545 | D        | Noticed a red draconian
   546 | D        | Found a transporter.
   549 | D        | Killed a white draconian
   549 | D        | Reached skill level 18 in Long Blades
   549 | D        | Killed a red draconian
   551 | D        | Killed a purple draconian
   551 | D        | Killed a purple draconian
   552 | D        | Reached XP level 12. HP: 34/103 MP: 12/12
   557 | D        | Slain by a tentacled monstrosity

Illustrated notes

Levels and vault maps discovered:
D:        sprint_v [room_start, room_1, room_2, room_3, room_4, room_5, room_6,
          room_7, room_8, room_9, room_10, room_11, room_12, room_13, room_14,
          room_15, room_16, room_17, room_18, room_19, room_20, room_21,
          room_22, room_23, room_24, room_25, room_26, room_27]

Skill      XL: |  1  2  3  4  5  6  7  8  9 10 11 |
---------------+----------------------------------+-----
Long Blades    | 7 10 11 12 13 16 18 | 18.7
Fighting       | 6 7 8 9 11 12 | 12.9
Armour         | 6 7 8 9 11 13 | 13.0
Dodging        | 4 5 6 7 9 10 | 10.7
Shields        | 6 7 8 9 10 12 14 | 14.1

Action                   |  1- 3 |  4- 6 |  7- 9 | 10-12 || total
-------------------------+-------+-------+-------+-------++-------
Melee: Double sword      |     3 |     1 |    25 |    53 ||    82
Invok: Lunge             |     1 |       |       |       ||     1
       Whirlwind         |       |       |    13 |    32 ||    45
       Serpent's Lash    |       |       |     2 |     2 ||     4
       Heavenly Storm    |       |       |       |     2 ||     2
  Use: Potion            |     1 |       |       |     5 ||     6
Armor: Gold dragon scale |       |       |     5 |    39 ||    44
Dodge: Dodged            |       |       |       |     4 ||     4
Block: Kite shield       |     7 |     3 |    18 |    66 ||    94

Table legend: (Time is in decaauts)
 A = Elapsed time spent in this place.
 B = Non-inter-level travel time spent in this place.
 C = Inter-level travel time spent in this place.
 D = Time resting spent in this place.
 E = Time spent auto-exploring this place.
 F = Levels seen in this place.
 G = Mean time per level.
                   A        B        C        D        E       F      G
               +--------+--------+--------+--------+--------+-----+--------+
         Total |    549 |    549 |      0 |    217 |      0 |   1 |  549.0 |
       Dungeon |    549 |    549 |      0 |    217 |      0 |   1 |  549.0 |
               +--------+--------+--------+--------+--------+-----+--------+

Top non-repeatable levels by time:
       D: 549 daAuts
